 Dungeon Crawl Stone Soup version 0.23-a0-299-g9a66eeb (webtiles) character file.

891 iamserjio the Insei (level 8, -2/42 HPs)
             Began as a Vine Stalker Hunter on Oct 6, 2018.
             Slain by a wight
             ... wielding a +3 battleaxe
              (15 damage)
             ... on level 6 of the Dungeon.
             The game lasted 00:12:50 (1978 turns).

iamserjio the Insei (Vine Stalker Hunter)           Turns: 1978, Time: 00:12:50

Health: -2/42      AC:  0    Str: 15    XL:     8   Next: 6%
Magic:  0/9        EV:  9    Int: 13    God:
Gold:   339        SH:  0    Dex: 15    Spells: 7/7 levels left

rFire    . . .     SeeInvis .   m - +2 quarterstaff (chaos)
rCold    . . .     Gourm    .   (shield currently unavailable)
rNeg     . . .     Faith    .   A - +0 scale mail
rPois    .         Spirit   +   (no helmet)
rElec    .         Reflect  .   n - +0 cloak
rCorr    .         Harm     .   (no gloves)
MR       +....                  k - +0 pair of boots
Stlth    ..........             u - amulet of magic regeneration
HPRegen  0.54/turn              (no ring)
MPRegen  0.36/turn              (no ring)

@: corroded, drained
A: fangs 3, regeneration 1, magic shield, antimagic bite, no potion heal 3, rot
immunity
a: no special abilities


You were on level 6 of the Dungeon.
You were not hungry.

You visited 1 branch of the dungeon, and saw 6 of its levels.

You collected 339 gold pieces.

Inventory:

Hand Weapons
 a - a +1 hand crossbow
 b - a +0 short sword
 l - a +0 mace
 m - a +2 quarterstaff of chaos (weapon)
 p - a +0 great sword
Missiles
 d - 31 bolts
 q - 4 javelins (quivered)
 z - 8 arrows
Armour
 c - a +0 leather armour
 k - a +0 pair of boots (worn)
 n - a +0 cloak (worn)
 r - a +0 ring mail
 A - a +0 scale mail (worn)
Jewellery
 u - an amulet of magic regeneration (around neck)
 y - an uncursed amulet of the acrobat {unknown}
Wands
 s - a wand of random effects (13)
Scrolls
 e - 5 scrolls of remove curse {@r2}
 g - 4 scrolls of teleportation
 i - 2 scrolls of magic mapping
 j - a scroll of noise
 t - a scroll of fear
 x - a scroll of fog
Potions
 h - a potion of resistance
 o - 5 potions of haste
 v - a potion of berserk rage
Comestibles
 f - 12 rations
 w - 3 chunks of flesh


   Skills:
 + Level 4.9(4.4) Fighting
 - Level 3.6(3.1) Crossbows
 - Level 1.5(1.1) Dodging
 - Level 1.2(0.7) Stealth
 * Level 7.2(6.6) Unarmed Combat


You had 7 spell levels left.
You didn't know any spells.
Your spell library contained the following spells:

 Spells                   Type           Power        Failure   Level  Hunger
 Corona                   Hex            #......      78%         1    ##.....
 Ensorcelled Hibernation  Hex/Ice        #.....       89%         2    ###....
 Confuse                  Hex            #.......     98%         3    ####...
 Dazzling Spray           Conj/Hex       #.....       98%         3    ####...
 Tukima's Dance           Hex            #.......     98%         3    ####...


Dungeon Overview and Level Annotations

Branches:
Dungeon (6/15)
 Temple: D:4-7

Altars:
Ashenzari
Elyvilon
Makhleb
Vehumet
Yredelemnul


Innate Abilities, Weirdness & Mutations

You have razor-sharp teeth.
Your natural rate of healing is unusually fast.
When hurt, damage is shared between your health and your magic reserves.
Your bite disrupts and absorbs the magic of your enemies.
Potions cannot restore your health.
You are immune to rotting.


Message History

Deactivating autopickup; reactivate with Ctrl-A.
Your hands burn!
You bite something.
Reactivating autopickup.
You feel a bit more experienced.
You hit the wight.
The wight looks sleepy for a second.
Your bite misses the wight.
The wight hits you with an enchanted battleaxe!
You feel drained.
You hit the wight.
The wight glows shimmering silver for a moment.
You bite the wight. You drain its power.
You feel invigorated. The wight barely misses you.
You hit the wight.
The wight seems to slow down.
Your bite misses the wight.
The wight is no longer moving slowly.
The wight hits you with an enchanted battleaxe!
* * * LOW HITPOINT WARNING * * *
You closely miss the wight. You bite the wight. You drain its power.
You feel invigorated.
The wight hits you with an enchanted battleaxe!!
You die...

#. #.# #.# # #.#
#.# # #.#
....#.#.# #
#.....#.###.#
.......zz@..#
....##z#######
........zz..<.#
.........z....#
..........z..z#
#####∩########...
#. ### #. ..


You could see 3 wights.

Vanquished Creatures
  A necrophage (D:5)
  2 ogres
  A centaur (D:5)
  A scorpion (D:5)
  3 crimson imps (D:5)
  A jelly (D:6)
  Crazy Yiuf (D:2)
  2 hounds (D:4)
  A bullfrog skeleton (D:4)
  An iguana (D:5)
  3 worker ants
  2 hound skeletons
  A gnoll (D:1)
  4 adders
  A shadow imp (D:5)
  An adder skeleton (D:4)
  4 worms
  2 dart slugs (D:2)
  7 leopard geckos
  An orc (D:5)
  3 ball pythons
  5 giant cockroaches
  5 goblins
  4 hobgoblins
  3 jackals (D:1)
  2 kobolds (D:1)
  A ball python skeleton (D:3)
  10 bats
  5 frilled lizards
  A jackal skeleton (D:3)
  A quokka zombie (D:5)
  7 rats
  A bush (D:2)
88 creatures vanquished.

Notes
Turn   | Place    | Note
-------+----------+-------------------------------------------
     0 | D:1      | iamserjio the Vine Stalker Hunter began the quest for the
                  | Orb.
     0 | D:1      | Reached XP level 1. HP: 11/11 MP: 2/2
    48 | D:1      | Reached skill level 1 in Unarmed Combat
    48 | D:1      | Reached XP level 2. HP: 15/15 MP: 3/3
   154 | D:1      | Reached skill level 2 in Unarmed Combat
   156 | D:1      | Reached XP level 3. HP: 11/18 MP: 4/4
   550 | D:2      | Found a runed door.
   554 | D:2      | Noticed Crazy Yiuf
   559 | D:2      | Killed Crazy Yiuf
   559 | D:2      | Gained mutation: Your natural rate of healing is unusually
                  | fast. [Vine Stalker growth]
   559 | D:2      | Reached XP level 4. HP: 15/23 MP: 3/5
   617 | D:2      | Reached skill level 3 in Unarmed Combat
   892 | D:2      | Reached XP level 5. HP: 27/28 MP: 6/6
  1165 | D:4      | Reached skill level 4 in Unarmed Combat
  1342 | D:4      | Found a burning altar of Makhleb.
  1390 | D:4      | Reached XP level 6. HP: 30/32 MP: 7/7
  1410 | D:4      | Reached skill level 5 in Unarmed Combat
  1450 | D:4      | Found a radiant altar of Vehumet.
  1450 | D:4      | Found a white marble altar of Elyvilon.
  1451 | D:4      | Found a basalt altar of Yredelemnul.
  1583 | D:5      | Entered Level 5 of the Dungeon
  1610 | D:5      | Found a shattered altar of Ashenzari.
  1659 | D:5      | Reached XP level 7. HP: 33/37 MP: 8/8
  1701 | D:5      | Reached skill level 6 in Unarmed Combat
  1906 | D:5      | Reached skill level 7 in Unarmed Combat
  1906 | D:5      | Gained mutation: You have razor-sharp teeth. [Vine Stalker
                  | growth]
  1906 | D:5      | Reached XP level 8. HP: 24/42 MP: 9/9
  1978 | D:6      | Slain by a wight

Vault maps used:
D:1:      mrwooster_arrival_statue_3
D:2:      uniq_crazy_yiuf_cottage
D:3:      serial_undead, serial_undead_d, serial_undead_e, serial_undead_e,
          serial_undead_a, first_ration, grunt_ministairs_14, minivault_27,
          hangedman_feature_mirror
D:4:      gammafunk_temple_overflow_claw, hangedman_decor_clover_reticule,
          bloody_makhleb
D:5:      nicolae_qazlal_eye_of_the_storm, ashenzari_conservatory_becter
D:6:      minmay_temple_entry_crystal_x, chequers_ossuary_entry_cave

Skill      XL: |  1  2  3  4  5  6  7 |
---------------+----------------------+-----
Fighting       | 2 3 4 |  4.9
Unarmed Combat | 1 2 3 4 5 7 |  7.2
Crossbows      | |  3.6
Dodging        | |  1.5
Stealth        | |  1.2

Action                   |  1- 3 |  4- 6 |  7- 9 || total
-------------------------+-------+-------+-------++-------
Melee: Short sword       |    65 |       |       ||    65
       Bite              |    68 |    25 |    24 ||   117
       Mace              |    95 |       |       ||    95
       Punch             |     5 |       |       ||     5
       Unarmed           |     2 |       |       ||     2
       Quarterstaff      |       |    85 |    95 ||   180
 Fire: Hand crossbow     |    34 |    31 |       ||    65
  Use: Scroll            |       |     9 |     1 ||    10
 Stab: Confused          |       |     1 |       ||     1
       Paralysed         |       |       |     3 ||     3
  Eat: Chunk             |       |     2 |     2 ||     4
Armor: Leather armour    |    22 |    17 |       ||    39
       Ring mail         |       |    28 |    57 ||    85
       Scale mail        |       |       |     1 ||     1
Dodge: Dodged            |    61 |    68 |    80 ||   209

Table legend:
 A = Non-vault XP
 B = Vault XP
 C = Vault XP percentage of total XP
 D = Non-vault monster count
 E = Vault monster count
 F = Vault count percentage of total count
                 A         B        C        D         E       F
            +---------+---------+-------+---------+---------+-------
      Total |    1197 |      77 |   6.0 |      81 |       6 |   6.9
            +---------+---------+-------+---------+---------+-------
        D:1 |      57 |       0 |   0.0 |      26 |       0 |   0.0
        D:2 |      34 |      40 |  54.1 |      15 |       1 |   6.2
        D:3 |      13 |      37 |  74.0 |       7 |       5 |  41.7
        D:4 |     328 |       0 |   0.0 |      12 |       0 |   0.0
        D:5 |     722 |       0 |   0.0 |      20 |       0 |   0.0
        D:6 |      43 |       0 |   0.0 |       1 |       0 |   0.0
            +---------+---------+-------+---------+---------+-------
